 Dungeon Crawl Stone Soup version 0.29.0-4-gdea44cf6ec (webtiles) character file.

Game seed: 15579419236282058366

84 qw the Chopper (level 4, -2/26 HPs)
             Began as a Tengu Warper on Aug 28, 2022.
             Slain by Natasha (3 damage)
             ... on level 3 of the Dungeon.
             The game lasted 00:00:13 (2624 turns).

qw the Chopper (Tengu Warper)                       Turns: 2624, Time: 00:00:14

Health: -2/26      AC:  6    Str: 13    XL:     4   Next: 46%
Magic:  8/8        EV:  9    Int: 13    God:
Gold:   107        SH:  0    Dex: 16    Spells: 7/7 levels left

rFire   . . .      SeeInvis .   Y - +1 hand axe
rCold   . . .      Faith    .   (no shield)
rNeg    . . .      Spirit   .   m - +0 scale mail
rPois   .          Reflect  .   (helmet restricted)
rElec   .          Harm     .   (no cloak)
rCorr   .          Rampage  .   (no gloves)
Will    .....                   (boots unavailable)
Stlth   +.........              (no amulet)
HPRegen 0.08/turn               (no ring)
MPRegen 0.11/turn               (no ring)

@: no status effects
A: beak, talons 3, thin skeletal structure 1, evolution 1
a: no special abilities


You were on level 3 of the Dungeon.
You visited 1 branch of the dungeon, and saw 3 of its levels.

You collected 107 gold pieces.


Innate Abilities, Weirdness & Mutations

You have a beak for a mouth.
You have claws for feet.
You have a somewhat thin skeletal structure. (Dex +2, Stealth+)
You have hidden genetic potential.


   Skills:
 - Level 2.0 Fighting
 + Level 5.0 Axes
 - Level 1.0 Throwing
 - Level 1.1 Armour
 - Level 2.1 Dodging
 - Level 2.0 Spellcasting
 - Level 2.4 Translocations


You had 7 spell levels left.
You didn't know any spells.
Your spell library contained the following spells:

 Spells                   Type           Power      Damage    Failure   Level
 Blink                    Tloc           14%        N/A       56%         2
 Gell's Gravitas          Tloc           7%         N/A       80%         3
 Lesser Beckoning         Tloc           7%         N/A       80%         3
 Teleport Other           Tloc           7%         N/A       80%         3
 Manifold Assault         Tloc           7%         N/A       100%        5

Inventory:

Hand Weapons
 k - a +0 flail
 Y - a +1 hand axe (weapon)
Missiles
 c - 5 boomerangs (quivered)
Armour
 m - a +0 scale mail (worn)
Jewellery
 b - the amulet of Temptation {Faith Fragile rElec rC++}
   (You acquired it on level 2 of the Dungeon)

   [amulet of faith]

   It allows you to gain divine favour quickly.
   rC:        It greatly protects you from cold.
   rElec:     It insulates you from electricity.
   Fragile:   It will be destroyed if unequipped.
Scrolls
 o - a scroll of identify
Potions
 a - a potion of curing {unknown}
 g - a potion of degeneration {unknown}
 i - a potion of resistance {unknown}
 n - a potion of mutation

Dungeon Overview and Level Annotations

Branches:
Dungeon (3/15)

Altars:

Annotations:
D:3 Natasha


Message History

Natasha mumbles some strange words.
Natasha claws you but does no damage.
You barely miss Natasha. Your kick misses Natasha. You peck Natasha.
Natasha is lightly wounded.
You barely miss the white imp. Natasha casts a spell at you.
The magic dart hits you! The white imp gestures at you.
The puff of frost hits you.
You hit Natasha. Your peck misses Natasha.
Natasha is lightly wounded.
You hit the white imp.
Natasha mumbles some strange words.
The white imp closely misses you.
You barely miss the white imp. You claw the white imp. You peck the white imp.
The white imp is almost dead.
You hit Natasha. Natasha claws you.
The white imp hits you but does no damage.
You hit the white imp.
You kill the white imp!
The white imp disappears in a puff of smoke!
You hit Natasha. Natasha claws you.
The shadow imp shouts, "Decamp, thou pandering doghearted codpiece!"
You hit Natasha. Your kick misses Natasha.
Natasha is heavily wounded.
You barely miss the shadow imp. Natasha claws you.
The shadow imp closely misses you.
You slash Natasha!
Natasha is almost dead.
You hit the shadow imp. Natasha casts a spell at you.
You resist with some effort.
The shadow imp hits you but does no damage.
You hit Natasha but do no damage. Your kick misses Natasha.
Natasha is almost dead.
You hit the shadow imp but do no damage.
Natasha claws you.
You die...

#..####.###.###...#
.........# .#
####...#.#
#...#.#####.##
#####............#
....)...#######.##
######..# ..####..#
.......@# .#####5h#
..... ###..## #..#
#..# #..# #..#


You could see Natasha and a shadow imp (summoned).

Vanquished Creatures
  2 adders (D:3)
  2 worms (D:2)
  2 dart slugs
  2 ball pythons (D:1)
  4 endoplasms
  4 giant cockroaches
  8 hobgoblins
  A quokka (D:2)
  10 bats
  A frilled lizard (D:2)
  4 goblins
  7 kobolds
  5 rats
52 creatures vanquished.

Notes
Turn   | Place    | Note
-------+----------+-------------------------------------------
     0 | D:1      | qw the Tengu Warper began the quest for the Orb.
     0 | D:1      | Reached XP level 1. HP: 12/12 MP: 4/4
     0 | D:1      | 0 ||| qw: Version: 0.1-a-89-g26bdef1
     0 | D:1      | 0 ||| qw: Game counter: 1140
     0 | D:1      | 0 ||| qw: Always use a shield: true
     0 | D:1      | 0 ||| qw: God list: Okawaru
     0 | D:1      | 0 ||| qw: Allow faded altars: false
     0 | D:1      | 0 ||| qw: Do Orc after D:15 true
     0 | D:1      | 0 ||| qw: Do second Lair branch before Depths: true
     0 | D:1      | 0 ||| qw: Lair rune preference: random
     0 | D:1      | 0 ||| qw: Plans: Normal
     0 | D:1      | 0 ||| PLANNING D:1-11
   220 | D:1      | Found a faded altar of an unknown god.
   243 | D:1      | 243 ||| Stepping ~*~*~tactically~*~*~ (stealth).
   250 | D:1      | Reached skill level 3 in Axes
   250 | D:1      | Reached XP level 2. HP: 14/17 MP: 6/6
   507 | D:1      | 507 ||| Stepping ~*~*~tactically~*~*~ (stealth).
   509 | D:1      | 509 ||| Stepping ~*~*~tactically~*~*~ (stealth).
   514 | D:1      | 514 ||| Stepping ~*~*~tactically~*~*~ (stealth).
   515 | D:1      | 515 ||| Stepping ~*~*~tactically~*~*~ (stealth).
   517 | D:1      | 517 ||| Stepping ~*~*~tactically~*~*~ (stealth).
   522 | D:1      | 522 ||| Stepping ~*~*~tactically~*~*~ (stealth).
   838 | D:1      | Reached XP level 3. HP: 20/21 MP: 7/7
   995 | D:1      | 995 ||| Stepping ~*~*~tactically~*~*~ (stealth).
  1000 | D:1      | 1000 ||| Stepping ~*~*~tactically~*~*~ (stealth).
  1010 | D:1      | 1010 ||| Stepping ~*~*~tactically~*~*~ (stealth).
  1016 | D:1      | Reached skill level 4 in Axes
  1216 | D:1      | 1216 ||| READING scroll labelled IREASO ANYCON.
  1217 | D:1      | 1217 ||| READING scroll labelled DIACAQ QUBIL.
  1218 | D:1      | 1218 ||| READING scroll labelled BETETAPL NEASELU.
  1219 | D:1      | 1219 ||| DROPPING scroll of blinking.
  1325 | D:2      | 1325 ||| Stepping ~*~*~tactically~*~*~ (stealth).
  1327 | D:2      | 1327 ||| Stepping ~*~*~tactically~*~*~ (stealth).
  1355 | D:2      | 1355 ||| Stepping ~*~*~tactically~*~*~ (hiding).
  1458 | D:2      | 1458 ||| Stepping ~*~*~tactically~*~*~ (hiding).
  1553 | D:2      | 1553 ||| DROPPING +0 club.
  1569 | D:2      | 1569 ||| Stepping ~*~*~tactically~*~*~ (stealth).
  1570 | D:2      | 1570 ||| Stepping ~*~*~tactically~*~*~ (stealth).
  1827 | D:2      | Reached XP level 4. HP: 26/26 MP: 8/8
  2271 | D:2      | 2271 ||| UPGRADING to +0 scale mail.
  2281 | D:2      | 2281 ||| DROPPING +0 leather armour.
  2282 | D:2      | 2282 ||| READING scroll labelled UQERO XODYAP.
  2283 | D:2      | 2283 ||| READING scroll labelled MINKOMIMUOH.
  2283 | D:2      | Identified a scroll of acquirement
  2283 | D:2      | 2283 ||| ACQUIRING amulet of Temptation {Faith Fragile
                  | rElec rC++}
  2283 | D:2      | Acquired the amulet of Temptation {Faith Fragile rElec
                  | rC++}
  2285 | D:2      | 2285 ||| READING 2 scrolls labelled TIBIHA ESOI.
  2386 | D:2      | 2386 ||| READING scroll labelled AMURIROUSIA.
  2391 | D:2      | 2391 ||| READING 3 scrolls labelled OMIDDU JOAD.
  2392 | D:2      | 2392 ||| READING 2 scrolls labelled RIJOKUENGI.
  2393 | D:2      | 2393 ||| DRINKING 3 sedimented puce potions.
  2394 | D:2      | 2394 ||| DRINKING 2 yellow potions.
  2395 | D:2      | 2395 ||| DRINKING 2 dark potions.
  2395 | D:2      | Gained mutation: You have a somewhat thin skeletal
                  | structure. (Dex +2, Stealth+) [potion of mutation]
  2395 | D:2      | Gained mutation: You have hidden genetic potential. [potion
                  | of mutation]
  2396 | D:2      | 2396 ||| DROPPING 2 potions of magic.
  2397 | D:2      | 2397 ||| DROPPING scroll of silence.
  2398 | D:2      | 2398 ||| DROPPING potion of brilliance.
  2399 | D:2      | 2399 ||| DROPPING 2 scrolls of fog.
  2425 | D:3      | 2425 ||| Stepping ~*~*~tactically~*~*~ (stealth).
  2592 | D:3      | Reached skill level 5 in Axes
  2613 | D:3      | Noticed Natasha
  2620 | D:3      | HP: 6/26 [Natasha (6)]
  2622 | D:3      | HP: 1/26 [Natasha (3)]
  2624 | D:3      | Slain by Natasha

Levels and vault maps discovered:
D:1:      heliophobic_arrival_glass_houses, layout_basic,
          hellmonk_ecumenical_altar_blasted
D:2:      layout_loops_ring, kennysheep_path_1, minmay_misc_feat_hallway,
          minmay_tall_x
D:3:      layout_basic, uniq_natasha

Skill      XL: |  1  2  3  4 |
---------------+-------------+-----
Axes           | 3 4 5 |  5.0
Fighting       | |  2.0
Throwing       | |  1.0
Armour         | |  1.1
Dodging        | |  2.1
Spellcasting   | |  2.0
Translocations | |  2.4

Action                   |  1- 3 |  4- 6 || total
-------------------------+-------+-------++-------
Melee: Hand axe          |    90 |    28 ||   118
       Kick              |    28 |     3 ||    31
       Peck              |    10 |     8 ||    18
       Punch             |     2 |       ||     2
Throw: Boomerang         |     7 |     6 ||    13
  Use: Scroll            |     3 |     6 ||     9
       Potion            |       |     3 ||     3
Armor: Leather armour    |    14 |     1 ||    15
       Scale mail        |       |     7 ||     7
Dodge: Dodged            |    45 |    12 ||    57

Table legend:
 A = Non-vault XP
 B = Vault XP
 C = Vault XP percentage of total XP
 D = Non-vault monster count
 E = Vault monster count
 F = Vault count percentage of total count
                 A         B        C        D         E       F
            +---------+---------+-------+---------+---------+-------
      Total |     114 |       7 |   5.8 |      48 |       4 |   7.7
            +---------+---------+-------+---------+---------+-------
        D:1 |      45 |       0 |   0.0 |      26 |       0 |   0.0
        D:2 |      37 |       7 |  15.9 |      17 |       4 |  19.0
        D:3 |      32 |       0 |   0.0 |       5 |       0 |   0.0
            +---------+---------+-------+---------+---------+-------
